[Event "Grand Prix Romania 1st Stage 2024"]
[Site "Bucuresti"]
[Date "2024.03.24"]
[Round "5.26"]
[White "Craciun, Sasha-Matei"]
[Black "Sofronie, Iulian"]
[Result "1/2-1/2"]
[ECO "C60"]
[WhiteElo "2169"]
[BlackElo "2395"]
[Annotator "TA"]
[PlyCount "318"]
[EventDate "2024.03.20"]
[EventType "swiss"]
[EventCountry "ROU"]
[SourceTitle "playchess.com"]
[Source "ChessBase"]
[SourceQuality "1"]
[TimeControl "900+5"]

1. e4 e5 2. Nf3 Nc6 3. Bb5 a6 4. Ba4 Nge7 5. O-O Ng6 6. Re1 Be7 7. Nc3 O-O 8. Nd5 {[%emt 0:01:43] White is slightly better.} b5 9. Bb3 Na5 10. d4 Nxb3 11. axb3 d6 12. Be3 Bb7 13. c4 f5 14. exf5 Rxf5 15. Qd3 Rf8 16. Qe4 {[%emt 0:00:14] And now Nxe7+ would win.} (16. Nxe7+ Qxe7 17. Nd2 exd4 18. Qxd4 Rae8 $11) 16... c6 17. Nxe7+ Qxe7 18. Bg5 (18. dxe5 $14 Rae8 19. Bg5) 18... Qf7 $11 19. Qe2 $2 (19. dxe5 $11 {and White is okay.} Nxe5 20. Bh4 (20. Nxe5 Qxf2+ 21. Kh1 Rae8 $11) 20... Nxf3+ (20... bxc4 21. Nxe5 dxe5 22. Qxc4 $16) 21. Qxf3) 19... Rae8 ({Better is} 19... exd4 $19 {...c5 is the strong threat.} 20. cxb5 c5 (20... Qxb3 21. Nxd4 Qd5 22. Qe6+ Qxe6 23. Nxe6 $16) (20... cxb5 $2 21. Nxd4 Rae8 22. Qd2 $19) 21. bxa6 Bxf3 22. Qxf3 Qxf3 23. gxf3 Ne5 24. Rxe5 dxe5) 20. dxe5 $15 Nxe5 (20... c5 {simplifies} 21. cxb5 Bxf3 22. Qxf3 Qxf3 23. gxf3 Nxe5 24. Kg2 axb5 25. Re3 h6) 21. Nxe5 Rxe5 22. Qd2 $36 {[%emt 0:00:14][%mdl 2048] White is pushing.} c5 23. Rxe5 dxe5 24. Qe3 bxc4 25. bxc4 Qxc4 26. Qxe5 Qg4 27. Qg3 Qe6 28. h3 h6 29. Be3 Kh7 30. Rd1 (30. Ra4 $14) 30... Rf6 $1 $11 {[%emt 0:00:05] aiming for ...Rg6.} 31. Qg4 (31. Bxc5 $2 Rg6 32. Qe3 (32. Qd3 $2 Bxg2 $19) 32... Qf5 $19 (32... Rxg2+ $2 33. Kf1 $19)) 31... Qc6 32. f3 Rg6 33. Qe4 Qc7 (33... Qxe4 {simplifies} 34. fxe4 Bxe4 35. Rd2 c4) 34. Qf4 Qxf4 35. Bxf4 Bxf3 {[%emt 0:00:05][%mdl 4096] Endgame. KRB-KRB} 36. Rd2 c4 37. Kf1 Be4 38. g3 Rb6 39. Be5 Bd3+ 40. Kf2 a5 41. Ke3 g5 42. Rf2 Kg6 43. h4 Bf5 $2 {[%emt 0:00:00] [#]} (43... a4 $11) 44. h5+ $1 $16 Kxh5 45. Rxf5 {[%emt 0:00:01] Hoping for Rf6. KRB-KR} Kg4 46. Rf8 a4 (46... Rb5 $16 {might work better.} 47. Ke4 Rb4) 47. Rc8 $2 ({Only move:} 47. Ra8 $18 Rb5 48. Ke4) 47... Rb3+ $14 48. Kf2 a3 $1 49. Rxc4+ Kh3 50. bxa3 Rxa3 51. Rc2 h5 52. Kg1 h4 53. gxh4 Kxh4 54. Kg2 Ra4 55. Bg3+ Kg4 56. Bf2 Rb4 57. Be3 Ra4 58. Rd2 Re4 59. Kf2 Ra4 60. Rd5 Ra2+ 61. Bd2 Kh4 62. Ke3 g4 63. Kf2 Rb2 64. Kg1 Kh3 65. Rh5+ Kg3 {[%emt 0:00:00] ( -> ...Rb1+)} 66. Be1+ Kf3 67. Rf5+ Ke4 68. Rf8 Rb3 69. Kg2 (69. Kf2 $5) 69... Rf3 70. Rg8 Kf5 71. Bd2 Rd3 72. Rf8+ Kg6 73. Be1 Rf3 74. Ra8 ({Of course not} 74. Rxf3 gxf3+ 75. Kxf3 $11) 74... Kf5 75. Ra5+ Kg6 76. Bh4 Rf5 77. Ra6+ Kh5 78. Bf2 Rd5 79. Be3 g3 $2 {[%emt 0:00:10][%mdl 8192] [#]} (79... Kh4 $14) 80. Kxg3 $2 (80. Kh3 $1 {mates} Rg5 81. Bxg5 Kxg5 82. Re6 (82. Kxg3 Kf5 83. Kf3 Ke5 84. Ra5+ Ke6 85. Kf4 Kd6 86. Kf5 Kd7 87. Rd5+ Kc7) 82... Kf5 83. Re8 g2 84. Kxg2 Kf4 85. Re2) 80... Rd6 $1 81. Ra5+ Kg6 82. Kf4 Rf6+ 83. Kg4 Rc6 84. Bf4 Rb6 85. Rh5 Rb4 86. Rh6+ Kg7 87. Ra6 Rb5 88. Bc7 Kf7 89. Kf4 Ke7 90. Be5 Kd7 91. Ke4 Ke7 92. Rc6 Kd7 93. Rh6 Rb4+ 94. Kd5 Rb5+ 95. Kd4 $1 Rb4+ 96. Kc5 Rb1 97. Bd4 Ke7 98. Kd5 (98. Kc6 $14) 98... Rb5+ (98... Rd1 $11) 99. Ke4 (99. Bc5+ $14 Kf7 100. Rh7+ Kf6 101. Ra7) 99... Kd7 $11 {[%emt 0:00:05] The position is equal.} 100. Be5 Rb1 101. Rd6+ Ke7 102. Rc6 Kd7 103. Ra6 Rb4+ 104. Bd4 Rb5 105. Rh6 Rg5 106. Be5 Rg1 107. Kd5 Rd1+ 108. Bd4 Re1 109. Rd6+ Ke7 110. Rg6 Kd7 111. Ra6 Rc1 112. Ra7+ Rc7 113. Ra2 Rc1 114. Re2 Rh1 115. Rg2 Re1 116. Rg6 Re2 117. Bc3 Re3 118. Rg7+ Re7 119. Rg3 Re2 120. Bb4 Kc7 121. Bc5 Rd2+ 122. Bd4 Kb7 123. Rg7+ Ka6 124. Kc4 Rc2+ 125. Kd5 Rh2 126. Ra7+ Kb5 127. Rb7+ Ka6 128. Rb6+ Ka5 129. Rc6 {[%emt 0:00:08] Repels Rc2. White threatens Kc4 and mate.} Kb5 130. Rb6+ Ka5 131. Rb8 Rc2 132. Rb1 Ka6 133. Bc5 {[%emt 0:00:02] White wants to mate with Kc6.} Ka5 134. Rb3 Ka4 135. Rd3 Kb5 136. Rb3+ Ka4 137. Rb1 Rd2+ 138. Kc4 Rc2+ 139. Kd4 Rh2 140. Kc3 Ka5 141. Bd4 Ka6 142. Rb6+ Ka5 143. Rb8 Ka6 144. Kc4 {[%emt 0:00:01] Threatening mate with Rb6+.} Rc2+ 145. Kd5 Ka5 146. Bc5 Ka4 147. Kd4 {[%emt 0:00:01] Against Rc3} Rc1 148. Rb2 ({Less strong is} 148. Rb4+ Ka5 $18) 148... Rd1+ 149. Kc4 Rc1+ 150. Kd5 Rd1+ 151. Bd4 Rc1 152. Ke4 Ka3 153. Rb8 {[%emt 0:00:00] Bb2+ would kill now.} Rh1 154. Kd3 {[%emt 0:00:00] Intending Kc4 and mate.} Rh3+ 155. Kc4 Ka2 156. Rb2+ Ka3 157. Rb1 Ka4 158. Kd5 Ka3 159. Kc4 Ka4 {Weighted Error Value: White=0.18 (very precise) /Black=0.18 (very precise) .  Loses game:     	---       	Black=1      Missed win:     	White=1     	---        Mistake:       	White=6     	Black=4      Inaccurate:     	White=1     	Black=4      OK:         	White=46    	Black=37     Best:        	White=3     	Black=8      Strong:       	White=1     	Black=3      Brilliant:      	White=1     	---} 1/2-1/2

[Event "Grand Prix Romania 1st Stage 2024"]
[Site "Bucuresti"]
[Date "2024.03.24"]
[Round "5.27"]
[White "Stoyanov, Tsvetan"]
[Black "Zubcu, Vlad-George"]
[Result "0-1"]
[ECO "D32"]
[WhiteElo "2465"]
[BlackElo "2181"]
[Annotator "TA"]
[PlyCount "106"]
[EventDate "2024.03.20"]
[EventType "swiss"]
[EventCountry "ROU"]
[SourceTitle "playchess.com"]
[Source "ChessBase"]
[SourceQuality "1"]
[TimeControl "900+5"]

1. c4 e6 2. Nc3 d5 3. e3 Nf6 4. Nf3 Be7 5. b3 O-O 6. Bb2 c5 7. cxd5 exd5 8. d4 Nc6 9. Be2 Bf5 10. O-O Rc8 11. dxc5 Bxc5 12. Rc1 Be7 13. Nd4 Bg6 14. Nxc6 {[%emt 0:05:19] White is slightly better.} bxc6 15. Na4 Ne4 16. Ba6 Rc7 17. Be5 Bd6 18. Qd4 Bxe5 19. Qxe5 Re8 20. Qb2 Qd6 21. Be2 h5 22. Qd4 c5 23. Qd1 h4 24. Bf3 Re5 (24... h3 $15) 25. Bxe4 Bxe4 26. Nc3 {[%emt 0:00:18] [#] Hoping for f3.} h3 $1 27. Nxe4 (27. g3 Rc6) 27... Rxe4 28. g3 d4 29. Qf3 Re6 30. Rfd1 Qe5 (30... d3 $6 31. Qf5 $16) 31. Re1 (31. exd4 $2 cxd4 32. Rb1 Rc2 $19) (31. g4 {simplifies} dxe3 32. fxe3 Qxe3+ 33. Qxe3 Rxe3 34. Kf2) 31... Rce7 32. Rcd1 (32. Qg4 $1 $11 {remains equal.}) 32... Rf6 ({Black should play} 32... Qg5 $17 33. Qe2 g6 (33... dxe3 34. Rd8+ Kh7 35. f4 $17)) 33. Qa8+ (33. Qg4 $11 {keeps the balance.}) 33... Re8 $17 {[%emt 0:00:03] Active counter play!} 34. Qb7 (34. f4 $17 Qe7 35. Qf3) 34... Qf5 $19 35. f4 dxe3 36. Qf3 Qc2 37. Qe2 Qe4 {[%emt 0:00:05][%cal Og7g5] [#] Strongly threatening ...g5!} 38. Rd3 Rfe6 39. Red1 (39. Rd7 $142) 39... c4 40. Rd4 Qb7 41. Rxc4 (41. Rd7 Qc6 42. bxc4) 41... Qb5 42. Rd3 Qb7 43. Rd1 $1 Qb5 44. Rd3 Qb7 $40 {[%emt 0:00:01][%mdl 128] Black mounts an attack.} 45. Rd1 $1 g6 46. Rcd4 $2 (46. f5 Re5 (46... gxf5 47. Rh4 $17) 47. fxg6 fxg6 48. Rd6) 46... Kg7 47. Rd7 Qa6 48. R7d3 $2 (48. Re1 Qc6 49. Rdd1) 48... Kg8 $2 (48... Rd6 49. f5 Rxd3 (49... gxf5 50. Qb2+ Kg8 51. Rxd6 $17) 50. Rxd3 gxf5) 49. Rc1 $2 (49. Re1) 49... Rd6 50. Rcd1 Rxd3 (50... Red8 $142 51. Qxe3 Rxd3 52. Rxd3 Rxd3 (52... Qxd3 $2 53. Qxd3 Rxd3 54. g4 $19) 53. Qe8+ Kh7 (53... Kg7 {gets mated.} 54. Qe5+ Kh7 55. Kf2 Qxa2+ 56. Qe2 Rd2 57. Qxd2 Qxd2+ 58. Kf3 Qxh2 59. Ke4 Qd2 60. b4 h2 61. Ke5 h1=Q 62. f5 Qa1+ 63. Ke4 Qae1+ 64. Kf3 Qee2#) 54. Kf2 Qxa2+ 55. Qe2 Rd2 (55... Qxb3 $2 56. f5 $19) (55... Qxe2+ 56. Kxe2 Rxb3 57. f5 gxf5 58. Kd2 Rb2+ 59. Ke3 Rxh2 60. Kf4 Ra2 61. Kxf5 h2 62. Kf4 h1=Q 63. Ke5 Rd2 64. Kf4 Rd4+ 65. Ke3 Qe4+ 66. Kf2 Rd2+ 67. Kg1 Qg2#) 56. Qxd2 Qxd2+ 57. Kf3 Qxh2 58. Ke4 Qd2 (58... Qxg3 {is a self mate.} 59. f5 h2 60. fxg6+ Kxg6 61. Kd4 h1=Q 62. Kc5 Qe5+ 63. Kb4 Qh4+ 64. Ka3 Qa1#) 59. g4 h2 60. Ke5 h1=Q (60... h1=B 61. f5 g5 62. b4 Kg7 63. f6+ Kg6 64. b5 Qf4#) 61. f5 Qa1+ 62. Ke4 Qae1+ 63. Kf3 Qdf2#) 51. Rxd3 Qc6 52. Rd1 Qe4 {[%emt 0:00:04] ( -> ...Rc8)} 53. a3 Rc8 {[%emt 0:00:01] Weighted Error Value: White=0.76/Black=0.84.  Mistake:       	White=8     	Black=3      Inaccurate:     	White=7     	Black=5      OK:         	White=7     	Black=14     Best:        	White=2     	Black=1      Strong:       	White=2     	---} 0-1

[Event "Grand Prix Romania 1st Stage 2024"]
[Site "Bucuresti"]
[Date "2024.03.24"]
[Round "5.28"]
[White "Stoleriu, George"]
[Black "Zubova, Mariya"]
[Result "1-0"]
[ECO "A06"]
[WhiteElo "2391"]
[BlackElo "2146"]
[Annotator "RC"]
[PlyCount "113"]
[EventDate "2024.03.20"]
[EventType "swiss"]
[EventCountry "ROU"]
[SourceTitle "playchess.com"]
[Source "ChessBase"]
[SourceQuality "1"]
[TimeControl "900+5"]

1. b3 Nf6 2. Bb2 d5 3. Nf3 c5 4. e3 Nc6 5. Bb5 Bd7 6. O-O e6 7. d3 Bd6 8. Bxc6 Bxc6 9. Ne5 Rc8 10. Nd2 O-O 11. f4 Nd7 12. Nxc6 Rxc6 13. Qg4 e5 14. f5 Bb8 15. e4 Rh6 16. Rae1 Nf6 17. Qf3 Re8 18. g3 Qa5 19. Bc1 Qxa2 20. exd5 Qxc2 21. Re2 Qc3 22. Ne4 Nxe4 23. Bxh6 Nf6 24. Be3 Qxb3 25. Bxc5 b6 26. Bf2 Nxd5 27. Kg2 a5 28. Ree1 Nb4 29. d4 Qxf3+ 30. Kxf3 Nd3 31. Re3 Kf8 32. Rb1 Nb4 33. dxe5 Bxe5 34. Re4 b5 35. Bc5+ Kg8 36. Bxb4 axb4 37. Rbxb4 f6 38. Rxb5 Rd8 39. Reb4 h6 40. Rb3 Kh7 41. Rb7 Rd1 42. Rf7 Rd8 43. Rbb7 Rg8 44. Kg4 Bd4 45. Kh5 Be5 46. Rbe7 Bd4 47. g4 Bc3 48. h4 Bd4 49. g5 hxg5 50. hxg5 fxg5 51. f6 Kh8 52. Rxg7 Rxg7 53. fxg7+ Bxg7 54. Kxg5 Kh7 55. Ra7 Kg8 56. Kg6 Bf8 57. Ra8 1-0

[Event "Grand Prix Romania 1st Stage 2024"]
[Site "Bucuresti"]
[Date "2024.03.24"]
[Round "5.29"]
[White "Economescu, Valentin"]
[Black "Vedmediuc, Serghei"]
[Result "0-1"]
[ECO "B21"]
[WhiteElo "2147"]
[BlackElo "2452"]
[Annotator "RC"]
[PlyCount "50"]
[EventDate "2024.03.20"]
[EventType "swiss"]
[EventCountry "ROU"]
[SourceTitle "playchess.com"]
[Source "ChessBase"]
[SourceQuality "1"]
[TimeControl "900+5"]

1. e4 c5 2. Nf3 Nc6 3. d4 cxd4 4. c3 dxc3 5. Nxc3 e6 6. Bc4 a6 7. O-O b5 8. Bb3 Na5 9. Bc2 Bb7 10. Qe2 Rc8 11. Re1 Nf6 12. Bg5 Be7 13. e5 Nd5 14. Ne4 O-O 15. Rac1 Nc4 16. Bxe7 Qxe7 17. b3 Nf4 18. Qd1 Na3 19. Qd2 Nxc2 20. Qxf4 Nxe1 21. Nf6+ Qxf6 22. exf6 Nd3 23. Qc7 Rxc7 24. Rxc7 Bxf3 25. gxf3 gxf6 0-1

[Event "Grand Prix Romania 1st Stage 2024"]
[Site "Bucuresti"]
[Date "2024.03.24"]
[Round "5.30"]
[White "Nevednichy, Vladislav"]
[Black "Prelipcean, Eric-Matei"]
[Result "1-0"]
[ECO "A34"]
[WhiteElo "2445"]
[BlackElo "2103"]
[Annotator "TA"]
[PlyCount "83"]
[EventDate "2024.03.20"]
[EventType "swiss"]
[EventCountry "ROU"]
[SourceTitle "playchess.com"]
[Source "ChessBase"]
[SourceQuality "1"]
[TimeControl "900+5"]

1. c4 Nf6 2. Nc3 c5 3. g3 g6 4. Bg2 Bg7 5. Nf3 O-O 6. O-O d5 7. cxd5 Nxd5 8. Qb3 Nxc3 (8... e6 $11) 9. dxc3 $14 Qc7 10. a4 Be6 11. Qa3 {[%emt 0:00:01] Weiß hat minimalen Vorteil.} Bd5 12. Rd1 e6 13. Bf4 Qb6 14. Be3 (14. Nd2 $16) 14... Rc8 15. b4 cxb4 16. cxb4 Qa6 (16... Qd8 $1 $11 {und Schwarz steht sicher.}) 17. Rac1 ({Vorzuziehen ist} 17. b5 $18 Qa5 18. Ng5) 17... Nd7 18. b5 $36 {[%emt 0:01:56][%mdl 2048] Weiss drückt.} Qa5 $1 19. Bd2 ({Günstiger ist} 19. Ng5 $14 Nf6 20. Bd4) 19... Qb6 (19... Rxc1 $11 20. Rxc1 Qd8) 20. Qe7 (20. Ng5 $16) 20... Nf6 (20... Rxc1 $11 {und Schwarz muss sich keine Sorgen machen.} 21. Rxc1 (21. Bxc1 Qd8 $11) 21... Qd8 22. Qxd8+ Rxd8) 21. Ng5 $2 (21. Ne5 $18 Rf8 22. Bg5) 21... Rf8 22. Qb4 {[%emt 0:01:43] Tanz auf der Rasierklinge.} (22. Bc3 {hält die Spannung aufrecht.} Ng4 23. Nh3 Bxc3 24. Rxc3 Qa5 25. Rdc1) 22... Bxg2 (22... a5 $16 23. Qf4 Nh5) 23. Kxg2 $2 (23. Be3 $1 $18 {[%cal Re3b6] ist der präzise Gewinnweg.} Qxe3 24. fxe3) 23... Nd5 24. Qh4 {[%emt 0:00:16][%csl Gg5][%cal Rh4h7] [#]} h6 25. Nf3 {[%emt 0:00:02][%cal Oe2e4] Und jetzt e4! wäre schön.} g5 $1 26. Qc4 {[%emt 0:01:34] e4 wäre nun fies.} f5 (26... Rfc8 $11 {bleibt in der Remisbreite.} 27. Qxc8+ Rxc8 28. Rxc8+ Kh7) 27. a5 (27. Bb4 {mit weiteren Verwicklungen.} Rac8 28. Bc5 Qc7 29. e4) 27... Qd8 28. e4 fxe4 29. Qxe4 Qf6 30. Re1 Rae8 31. Re2 {[%emt 0:00:03] Aktives Gegenspiel!} Qf5 32. Rce1 Qxe4 (32... Nc3 {scheint wilder zu sein.} 33. Qxf5 Rxf5 34. Rxe6 Ref8) 33. Rxe4 Rf7 {[%emt 0:00:10] [#] ...Ref8 ist eine echte Drohung.} 34. Ne5 Bxe5 (34... Rc7 $14) 35. Rxe5 $16 Ref8 (35... Rd7 $142) 36. R1e2 (36. Rxe6 $2 {zu gefräßig.} Rxf2+ 37. Kg1 Rxd2 $19) 36... Nc7 37. Be3 a6 (37... Ra8 $16 38. Rd2 a6) 38. bxa6 $18 Nxa6 39. Rxe6 Kh7 40. Bb6 (40. Rb2 $142 Rf6 41. Rxb7+ Kg6 42. Rbb6) 40... Nb4 $2 (40... Nc7) 41. Rd6 Nc6 (41... Rf6 $142 42. Rxf6 Rxf6 43. Re7+ Kg8 44. Rxb7 Re6) 42. Ree6 {[%emt 0:00:02] Gewichteter Fehlerwert: Weiß=0.57/Schwarz=0.55.  Verlustzug:     	---       	Schwarz=2     Gewinn verpasst:   	Weiß=2     	---        Fehler:       	Weiß=5     	Schwarz=8     Ungenau:       	Weiß=4     	Schwarz=3     OK:         	Weiß=10    	Schwarz=6     Bester:       	Weiß=1     	Schwarz=1     Stark:        	---       	Schwarz=2} 1-0

[Event "Grand Prix Romania 1st Stage 2024"]
[Site "Bucuresti"]
[Date "2024.03.24"]
[Round "5.31"]
[White "Lehaci, Miruna-Daria"]
[Black "Stepanencu, Nicodim-Cosmin"]
[Result "1-0"]
[ECO "A46"]
[WhiteElo "2247"]
[BlackElo "2278"]
[Annotator "RC"]
[PlyCount "134"]
[EventDate "2024.03.20"]
[EventType "swiss"]
[EventCountry "ROU"]
[SourceTitle "playchess.com"]
[Source "ChessBase"]
[SourceQuality "1"]
[TimeControl "900+5"]

1. d4 Nf6 2. Bf4 e6 3. e3 c5 4. Nf3 cxd4 5. exd4 b6 6. Bd3 Be7 7. Nc3 Bb7 8. a3 h6 9. Qe2 a6 10. h3 b5 11. O-O O-O 12. Rfe1 d6 13. Bg3 Nbd7 14. Nd1 Qb6 15. c3 Rfe8 16. Bc2 a5 17. Nd2 b4 18. axb4 axb4 19. Rxa8 Rxa8 20. Ne3 bxc3 21. bxc3 Qc7 22. c4 Bf8 23. Qd3 Qa5 24. Rb1 Ba6 25. Nb3 Qd8 26. Qd2 Bb7 27. f3 Be7 28. Be1 Rb8 29. Na5 Ba8 30. Rxb8 Qxb8 31. Qd3 Bd8 32. Nb3 Bb6 33. Ng4 Kf8 34. Bf2 Bb7 35. Qd2 Ba6 36. c5 Bc7 37. c6 Nxg4 38. hxg4 Nf6 39. g5 hxg5 40. Qxg5 Qb5 41. Qxb5 Bxb5 42. d5 Nxd5 43. Nd4 Ba6 44. Ba4 Nc3 45. Bb3 Nb5 46. Bc4 Nxd4 47. Bxa6 Nxc6 48. Bb7 Na5 49. Be4 d5 50. Bc5+ Ke8 51. Bd3 Nc4 52. Kf1 Kd7 53. Ke2 Bd6 54. Bf2 Kc6 55. g4 Bf4 56. Be1 Kc5 57. Bh4 f6 58. Bf2+ Kc6 59. Be1 Bc7 60. Bb4 Bd6 61. Be1 Kb5 62. Bd2 Bb4 63. Bc1 Kc5 64. g5 Kd4 65. g6 Bc3 66. Bh6 Ne5 67. Bxg7 Nxg6 1-0

[Event "Grand Prix Romania 1st Stage 2024"]
[Site "Bucuresti"]
[Date "2024.03.24"]
[Round "5.32"]
[White "Ignat, Matei-Marius"]
[Black "Efroimski, Marsel"]
[Result "0-1"]
[ECO "B12"]
[WhiteElo "2072"]
[BlackElo "2467"]
[Annotator "TA"]
[PlyCount "54"]
[EventDate "2024.03.20"]
[EventType "swiss"]
[EventCountry "ROU"]
[SourceTitle "playchess.com"]
[Source "ChessBase"]
[SourceQuality "1"]
[TimeControl "900+5"]

1. e4 c6 2. d4 d5 3. e5 c5 4. c4 cxd4 5. Nf3 Nc6 6. Nxd4 Nxe5 (6... dxc4 {simplifies} 7. Nxc6 Qxd1+ 8. Kxd1 bxc6 9. Bxc4 e6) 7. cxd5 {[%emt 0:00:47] Strongly threatening Bf4.} a6 8. Nc3 {[%emt 0:00:49] White is better.} Nf6 9. Qa4+ Bd7 10. Qb3 b5 11. Be2 Qb6 12. Nf3 Nxf3+ 13. Bxf3 e5 14. O-O Bc5 15. Bg5 O-O 16. Bxf6 gxf6 17. d6 Rad8 18. Rad1 (18. Ne4 $11 {feels stronger.} Bd4 19. Qc2 (19. Nxf6+ Kg7 $11)) 18... Bd4 (18... Bxd6 $2 19. Nd5 Qb8 20. Be4 $18 (20. Nxf6+ Kg7 $18)) (18... f5 $1 $15) 19. Ne4 (19. Nd5 $11 Qxd6 20. Be4) 19... f5 ({Black should play} 19... Be6 $1 $15 20. Nxf6+ Kg7 21. Nh5+ Kh8) 20. Nf6+ (20. Rxd4 $1 $11 {remains equal.} Qxd4 21. Rd1) 20... Kg7 $17 21. Nxd7 Rxd7 22. Qd3 Rxd6 (22... f4 $1 $15 23. Qf5 Rxd6 (23... Qxd6 24. Be4 $11)) 23. Qxf5 $11 Rf6 $36 {[%emt 0:00:33][%mdl 2048] Black has the initiative.} 24. Qg5+ Rg6 25. Qh5 f5 ({Much worse is} 25... Bxb2 26. Be4 $11) 26. g3 Qf6 {[%emt 0:01:41][%cal Og6h6] [#] aiming for ...Rh6!} 27. Kh1 $2 (27. Bb7 $15) 27... Rh6 $1 {[%emt 0:00:03] Weighted Error Value: White=0.47/Black=0.16 (very precise) .  Loses game:     	White=1     	---        Mistake:       	White=3     	Black=3      Inaccurate:     	White=5     	Black=3      OK:         	White=7     	Black=7      Best:        	White=1     	Black=3      Strong:       	---       	Black=1} ({Not} 27... Bxb2 28. Bg2 $17) 0-1

[Event "Grand Prix Romania 1st Stage 2024"]
[Site "Bucuresti"]
[Date "2024.03.24"]
[Round "5.33"]
[White "Ben Ari, Yannay"]
[Black "Saioc, David"]
[Result "1-0"]
[ECO "A10"]
[WhiteElo "2434"]
[BlackElo "2023"]
[Annotator "TA"]
[PlyCount "73"]
[EventDate "2024.03.20"]
[EventType "swiss"]
[EventCountry "ROU"]
[SourceTitle "playchess.com"]
[Source "ChessBase"]
[SourceQuality "1"]
[TimeControl "900+5"]

1. c4 b6 2. Nc3 Bb7 3. e4 d6 4. d4 Nf6 5. Bd3 g6 6. Be3 Bg7 7. f3 Nbd7 8. Nge2 {[%emt 0:00:17] White is slightly better.} e5 9. d5 a5 10. Qd2 {[%emt 0:01:01] White is more active.} Nc5 11. Bc2 O-O 12. g4 Bc8 {[%emt 0:01:19] [#]} (12... h5 $16) 13. h3 (13. Ng3 $1 $18) 13... Ba6 $16 14. b3 Qd7 15. Ng3 Rab8 (15... b5 $16) 16. a4 $18 Rbe8 17. Kf2 (17. O-O-O $18) 17... Bc8 18. Rag1 c6 (18... Qe7 $16 {might work better.} 19. Bg5 Rd8) 19. g5 Nh5 20. Nxh5 gxh5 21. dxc6 Qxc6 22. Nd5 $36 {[%emt 0:00:01][%mdl 2048] White has strong initiative.} Kh8 23. h4 (23. Ke2 $18) 23... Re6 {[%emt 0:00:14] [#]} (23... Be6 $16 24. Rg3 Bxd5 25. cxd5 Qc7) 24. Nf6 $2 Nd7 {[%emt 0:00:36][%mdl 8192] Black cannot hold the game after this.} ({Black should try} 24... Bxf6 $14 25. gxf6 Rxf6) 25. Nxh5 Bb7 26. Ng3 ({Don't play} 26. Nxg7 Kxg7 27. Ke1 Nc5 $18) 26... f6 $2 (26... Rg8 27. h5 Nc5) 27. Nf5 {[%emt 0:00:05] And now g6 would win.} Rf7 28. g6 hxg6 29. Rxg6 {[%emt 0:00:02] Hoping for Bh6.} Nf8 30. Rg4 {[%emt 0:00:15] White wants to mate with Bh6.} Bc8 31. Rhg1 (31. Bh6 $142 Ng6 32. Rxg6 Kg8 33. Bxg7 (33. Rxg7+ Rxg7 34. Bxg7 Kf7 $18) 33... Rfe7 34. Nxe7+ Rxe7 35. Bxf6+ Kf8 36. Qh6+ (36. Bxe7+ Ke8 37. Bxd6 Bh3 38. Rxh3 Kd7 39. Bxe5+ Ke7 40. Rxc6 Ke8 41. Re6+ Kf8 42. Qd8+ Kf7 43. Qe8#) 36... Ke8 37. Bxe7) 31... Ree7 32. Bh6 Bxf5 33. Bxg7+ Rxg7 34. Qh6+ Bh7 35. Rxg7 Qc5+ 36. Ke2 Ng6 37. Qxh7# {[%emt 0:00:02] Weighted Error Value: White=0.25 (precise) /Black=0.85.  Loses game:     	---       	Black=1      Mistake:       	White=4     	Black=5      Inaccurate:     	---       	Black=2      OK:         	White=11    	Black=3      Best:        	White=1     	Black=2} 1-0

[Event "Grand Prix Romania 1st Stage 2024"]
[Site "Bucuresti"]
[Date "2024.03.24"]
[Round "5.34"]
[White "Sofronie, Vladimir"]
[Black "Soltanici, Ruslan"]
[Result "0-1"]
[ECO "D00"]
[WhiteElo "1990"]
[BlackElo "2339"]
[Annotator "RC"]
[PlyCount "76"]
[EventDate "2024.03.20"]
[EventType "swiss"]
[EventCountry "ROU"]
[SourceTitle "playchess.com"]
[Source "ChessBase"]
[SourceQuality "1"]
[TimeControl "900+5"]

1. d4 Nf6 2. Bf4 d5 3. e3 c5 4. c3 Nc6 5. Nd2 Bf5 6. Ngf3 Qb6 7. Nh4 Bg4 8. Qb3 c4 9. Qc2 h6 10. h3 Bd7 11. Nhf3 g6 12. e4 e6 13. e5 Nh7 14. Be2 Qa5 15. O-O g5 16. Be3 Be7 17. Nh2 O-O-O 18. b3 cxb3 19. axb3 Qc7 20. Bd3 f5 21. exf6 Nxf6 22. b4 Bd6 23. Nhf3 g4 24. hxg4 Nxg4 25. Nb3 Rdf8 26. Qe2 Rhg8 27. b5 Nb8 28. Rxa7 Bc5 29. Ne5 Nxe5 30. dxe5 Bxa7 31. Bxa7 b6 32. Ra1 Kb7 33. c4 Rg5 34. c5 Qxe5 35. Qa2 Rfg8 36. g3 Rxg3+ 37. fxg3 Qxg3+ 38. Kh1 Qh3+ 0-1

[Event "Grand Prix Romania 1st Stage 2024"]
[Site "Bucuresti"]
[Date "2024.03.24"]
[Round "5.35"]
[White "Filip, Lucian-Ioan"]
[Black "Vasilescu, Lucian-Mihail"]
[Result "1-0"]
[ECO "E04"]
[WhiteElo "2359"]
[BlackElo "2116"]
[Annotator "RC"]
[PlyCount "101"]
[EventDate "2024.03.20"]
[EventType "swiss"]
[EventCountry "ROU"]
[SourceTitle "playchess.com"]
[Source "ChessBase"]
[SourceQuality "1"]
[TimeControl "900+5"]

1. d4 d5 2. c4 e6 3. Nf3 Nf6 4. g3 dxc4 5. Bg2 a6 6. O-O Nc6 7. Nbd2 Nxd4 8. Nxc4 Bc5 9. Nxd4 Qxd4 10. Qxd4 Bxd4 11. Rd1 Ba7 12. Na5 Nd5 13. e4 Bb6 14. Nc4 Nb4 15. Nxb6 cxb6 16. Be3 b5 17. Bc5 Nc6 18. f4 f6 19. Rd6 e5 20. f5 Rf8 21. Bf3 g6 22. Rad1 Rf7 23. g4 Bd7 24. Kf2 Rc8 25. b4 a5 26. a3 axb4 27. axb4 Ra8 28. Be2 Ra2 29. R1d2 Rxd2 30. Rxd2 Nd4 31. Bxd4 exd4 32. Rxd4 Bc6 33. Bd3 Rd7 34. Rxd7 Kxd7 35. fxg6 hxg6 36. e5 g5 37. exf6 Ke6 38. Kg3 Kxf6 39. h4 gxh4+ 40. Kxh4 Ke5 41. g5 Kd4 42. Bf5 Be8 43. Bg4 Kc3 44. Bh5 Bc6 45. g6 Kxb4 46. g7 Bd5 47. Kg5 Kc3 48. Kf6 Bg8 49. Bf7 Bh7 50. Kg5 b4 51. Kh6 1-0